 Dungeon Crawl Stone Soup version 0.26-a0-651-gb41185065b (webtiles) character file.

Game seed: 11620413285114330788

166 Irenicus the Digger (level 5, -4/42 HPs)
             Began as a Deep Dwarf Earth Elementalist on Oct 24, 2020.
             Killed from afar by an orc wizard (9 damage)
             ... with a magic dart
             ... on level 5 of the Dungeon.
             The game lasted 00:04:12 (631 turns).

Irenicus the Digger (Deep Dwarf Earth Elementalist)  Turns: 631, Time: 00:04:13

Health: -4/42      AC:  2    Str: 12    XL:     5   Next: 22%
Magic:  1/7        EV: 12    Int: 16    God:
Gold:   59         SH:  0    Dex: 13    Spells: 6/7 levels left

rFire    . . .     SeeInvis .   a - +1 club
rCold    . . .     Faith    .   (no shield)
rNeg     . . .     Spirit   .   c - +0 robe
rPois    .         Reflect  .   (no helmet)
rElec    .         Harm     .   (no cloak)
rCorr    .         Rampage  .   (no gloves)
MR       .....                  (no boots)
Stlth    ++........             (no amulet)
HPRegen  0.00/turn              (no ring)
MPRegen  0.10/turn              (no ring)

@: non-regenerating, slowed, very slow
A: damage resistance, heal wounds, sense surroundings 1, no regeneration
a: Heal Wounds


You were on level 5 of the Dungeon.
You visited 1 branch of the dungeon, and saw 5 of its levels.

You collected 59 gold pieces.

Inventory:

Hand Weapons
 a - a +1 club (weapon)
   (You took it off a goblin on level 1 of the Dungeon)
Missiles
 b - 30 stones (quivered)
Armour
 c - a +0 robe (worn)
Scrolls
 d - 3 scrolls of teleportation {unknown}
 e - a scroll of identify {unknown}
 f - 2 scrolls of blinking {unknown}
 g - a scroll of immolation {unknown}
Potions
 h - a potion of brilliance {unknown}


   Skills:
 - Level 2.1 Dodging
 - Level 2.4 Stealth
 - Level 1.7 Spellcasting
   Level 0.8 Transmutations
 + Level 7.9 Earth Magic


You had 6 spell levels left.
You knew the following spells:

 Your Spells              Type           Power        Failure   Level
a - Sandblast             Erth           ####..       1%          1

Your spell library contained the following spells:

 Spells                   Type           Power        Failure   Level
 Passwall                 Tmut/Erth      ###.....     5%          2
 Stone Arrow              Conj/Erth      ##....       12%         3
 Lee's Rapid Deconstruct  Erth           ####......   22%         5
 Petrify                  Tmut/Erth      ###.....     34%         4


Dungeon Overview and Level Annotations

Branches:
Dungeon (5/15)
 Temple: D:4-7

Altars:
Kikubaaqudgha
Qazlal

Annotations:
D:2 Terence
D:4 Dowan, Duvessa


Innate Abilities, Weirdness & Mutations

You are resistant to damage.
You can heal yourself by infusing magical energy.
You passively map a small area around you.
You do not regenerate.


Message History

You now have 0/7 mp.
Items here: ))) ††.
Items here: ))) ††.
Press: ? - help, v - describe, . - travel, g - get item
Items here: a +0 dagger; a scroll labeled JESKAT WEPN.
The floor, spattered with blood.
h - a scroll labeled JESKAT WEPN You see here a +0 dagger.
As you read the scroll labeled JESKAT WEPN, it crumbles to dust.
You feel blessed for a moment.
It was a scroll of remove curse.
h - a yellow potion An orc comes into view.
It is wielding a +0 hand axe.
Casting: Sandblast (safe; 1% risk of failure)
Confirm with . or Enter, or press ? or * to list all spells.
Aiming: Sandblast (safe; 1% risk of failure)
Press: ? - help, Shift-Dir - straight line, f - orc
Aim: an orc, wielding a +0 hand axe and wearing a +0 leather armour (asleep)
The blast of sand hits the orc!
You kill the orc!
b - 34 stones You hear a shout!
An orc wizard comes into view. It is wielding a +0 dagger.
You hear a shout!
You now have 3/7 mp.
Casting: Sandblast (safe; 1% risk of failure)
Confirm with . or Enter, or press ? or * to list all spells.
Aiming: Sandblast (safe; 1% risk of failure)
Press: ? - help, Shift-Dir - straight line, f - orc wizard
Aim: an orc wizard, wielding a +0 dagger and wearing a +0 robe The blast of sand hits the orc wizard!
The orc wizard is severely wounded.
b - 33 stones You hear a shout!
You now have 2/7 mp.
Casting: Sandblast (safe; 1% risk of failure)
Confirm with . or Enter, or press ? or * to list all spells.
Aiming: Sandblast (safe; 1% risk of failure)
Press: ? - help, Shift-Dir - straight line, f/p - orc wizard
Aim: an orc wizard, wielding a +0 dagger and wearing a +0 robe (severely wounded)
The blast of sand hits the orc wizard!
You kill the orc wizard!
b - 32 stones An orc comes into view. It is wielding a +0 dagger.
You now have 1/7 mp.
Casting: Sandblast (safe; 1% risk of failure)
Confirm with . or Enter, or press ? or * to list all spells.
Aiming: Sandblast (safe; 1% risk of failure)
Press: ? - help, Shift-Dir - straight line, f - orc
Aim: an orc, wielding a +0 dagger and wearing a +0 ring mail The blast of sand hits the orc.
The orc is heavily wounded.
b - 31 stones The orc misses you.
You now have 1/7 mp.
Casting: Sandblast (safe; 1% risk of failure)
Confirm with . or Enter, or press ? or * to list all spells.
Aiming: Sandblast (safe; 1% risk of failure)
Press: ? - help, Shift-Dir - straight line, f/p - orc
Aim: an orc, wielding a +0 dagger and wearing a +0 ring mail (heavily wounded)
The blast of sand hits the orc but does no damage.
The orc is heavily wounded.
b - 30 stones You hear a shout!
The orc hits you with a +0 dagger.
An orc comes into view.
You take 3 damage, and have 16/42 hp.
You now have 0/7 mp.
Casting: Sandblast (safe; 1% risk of failure)
Confirm with . or Enter, or press ? or * to list all spells.
You don't have enough magic to cast that spell.
Unknown command.
You hit the orc.
The orc is severely wounded.
The orc hits you with a +0 dagger. x2
You hit the orc but do no damage.
The orc is severely wounded.
The orc hits you but does no damage. The orc closely misses you.
Items here: )) [[.
You hit the orc.
The orc is moderately wounded.
The orc hits you. The orc hits you with a +0 dagger.
* * * LOW HITPOINT WARNING * * *
The orc misses you.
You take 4 damage, and have 12/42 hp.
The orc hits you.
Found a stone staircase leading down.
An orc wizard comes into view.
It is wielding a +0 dagger. 2 orcs come into view.
A jackal skeleton comes into view.
The orc wizard shouts!
The orc wizard points at you and mumbles some strange words.
The magic dart hits you!
* * * LOW HITPOINT WARNING * * *
The orc misses you.
You take 7 damage, and have 5/42 hp.
The orc wizard casts a spell at you.
You feel yourself slow down.
There is a stone staircase leading down here.
The orc shouts!
The orc wizard casts a spell at you. The magic dart hits you!
You die...

, * #...##.# *
####...##.# * , , , ,
###...oo.##.# , ,
#...#..o..#.#+## , ,
##...#.....#....# *, ,
...........#....# *** ,
,.....Z....##....# *
........oo......########
.......@#.........[.....
........#...............
........#...............
*
........#......###)#####
........#......# #..#
........##.###.# ##.####
, ..########.. ..#
#..... * * ## #** ##
######


You could see an orc wizard, 4 orcs and a jackal skeleton.

Vanquished Creatures
  4 orc priests (D:5)
  An orc wizard (D:5)
  A dart slug (D:1)
  3 leopard geckos
  An orc (D:5)
  4 bats
  2 giant cockroaches (D:1)
  A goblin (D:1)
  A hobgoblin (D:2)
  A jackal (D:5)
  A ball python (D:2)
  A frilled lizard (D:4)
  A kobold (D:1)
  A leopard gecko skeleton (D:5)
  2 rats (D:1)
25 creatures vanquished.

Notes
Turn   | Place    | Note
-------+----------+-------------------------------------------
     0 | D:1      | Irenicus the Deep Dwarf Earth Elementalist began the quest
                  | for the Orb.
     0 | D:1      | Reached XP level 1. HP: 15/15 MP: 3/3
   129 | D:1      | Reached XP level 2. HP: 17/22 MP: 1/4
   152 | D:1      | Reached skill level 5 in Earth Magic
   218 | D:1      | You fall into a shaft and drop 1 floor!
   277 | D:2      | Noticed Terence
   279 | D:2      | Found a stormy altar of Qazlal.
   427 | D:4      | Noticed Duvessa
   427 | D:4      | Noticed Dowan
   434 | D:5      | Entered Level 5 of the Dungeon
   466 | D:5      | Found an ancient bone altar of Kikubaaqudgha.
   540 | D:5      | Reached skill level 6 in Earth Magic
   540 | D:5      | Reached XP level 3. HP: 19/28 MP: 0/5
   550 | D:5      | Reached XP level 4. HP: 19/36 MP: 0/6
   551 | D:5      | HP: 9/36 [orc priest/divine providence (10)]
   556 | D:5      | Reached skill level 7 in Earth Magic
   561 | D:5      | HP: 4/36 [orc priest/+0 trident (6)]
   565 | D:5      | Reached XP level 5. HP: 19/42 MP: 0/7
   629 | D:5      | HP: 5/42 [orc wizard/magic dart (7)]
   631 | D:5      | Killed from afar by an orc wizard

Illustrated notes

Levels and vault maps discovered:
D:1:      zaba_arrival_water, layout_loops_cross
D:2:      layout_basic, nicolae_qazlal_general_emergency,
          overflow_temple_1_default, old_standard_altar, uniq_terence,
          uniq_sigmund, uniq_natasha
D:3:      layout_basic, grunt_temple_overflow_open
D:4:      layout_cave_pods, lemuel_doored_altar, kennysheep_slug_shrine,
          serial_column_ruins, column_ruins_corridor_straight,
          column_ruins_corridor_straight, column_ruins_open_medium,
          column_ruins_columns_corner, column_ruins_columns_straight,
          st_stairs_10, chequers_serial_rivers_small_a, lightli_minifort,
          uniq_duvessa
D:5:      minmay_general_purpose_star, layout_basic,
          nicolae_overflow_crystal_walls, minmay_temple_entry_sparse_star,
          uniq_prince_ribbit1

Skill      XL: |  1  2  3  4 |
---------------+-------------+-----
Earth Magic    | 6 7 |  7.9
Dodging        | |  2.1
Stealth        | |  2.4
Spellcasting   | |  1.7
Transmutations | |  0.8

Action                   |  1- 3 |  4- 6 || total
-------------------------+-------+-------++-------
Melee: Club              |    29 |    10 ||    39
       Unarmed           |     1 |       ||     1
 Cast: Sandblast         |    28 |     8 ||    36
 Abil: Heal Wounds       |       |     2 ||     2
  Use: Scroll            |     1 |     1 ||     2
Armor: Robe              |    25 |     1 ||    26
Dodge: Dodged            |    59 |    12 ||    71

Table legend: (Time is in decaauts)
 A = Elapsed time spent in this place.
 B = Non-inter-level travel time spent in this place.
 C = Inter-level travel time spent in this place.
 D = Time resting spent in this place.
 E = Time spent auto-exploring this place.
 F = Levels seen in this place.
 G = Mean time per level.
                   A        B        C        D        E       F      G
               +--------+--------+--------+--------+--------+-----+--------+
         Total |    648 |    648 |      0 |      0 |      0 |   5 |  129.6 |
       Dungeon |    648 |    648 |      0 |      0 |      0 |   5 |  129.6 |
               +--------+--------+--------+--------+--------+-----+--------+

Top non-repeatable levels by time:
     D:1: 231 daAuts
     D:5: 201 daAuts
     D:2: 149 daAuts
     D:4: 59 daAuts
     D:3: 6 daAuts

Table legend:
 A = Kills in this place as a percentage of kills in entire the game.
 B = Kills by you in this place as a percentage of kills by you in the entire game.
 C = Kills by friends in this place as a percentage of kills by friends in the entire game.
 D = Other kills in this place as a percentage of other kills in the entire game.
 E = Experience gained in this place as a percentage of experience gained in the entire game.
 F = Experience gained in this place divided by the number of levels of this place that you have seen.
                   A       B       C       D       E      F
               +-------+-------+-------+-------+-------+----------------------
         Total | 100.0 | 100.0 |   N/A |   N/A | 100.0 |  47.6
       Dungeon | 100.0 | 100.0 |   N/A |   N/A | 100.0 |  47.6
               +-------+-------+-------+-------+-------+----------------------
